 Dungeon Crawl Stone Soup version 0.14-a0-840-g06343e3 (webtiles) character file.

504 PolkaDot the Vexing (level 6, -2/41 HPs)
             Began as a Vampire Enchanter on Nov 13, 2013.
             Was an Initiate of Kikubaaqudgha.
             Slain by Duvessa
             ... wielding a +3,+2 elven short sword of holy wrath
              (3 damage)
             ... on Level 4 of the Dungeon.
             The game lasted 00:14:25 (3276 turns).

PolkaDot the Vexing (Vampire Enchanter)             Turns: 3276, Time: 00:14:55

HP  -2/41        AC  2     Str  7      XL: 6   Next: 10%
MP   3/10        EV 12     Int 18      God: Kikubaaqudgha [......]
Gold 213         SH  0     Dex 15      Spells:  2 memorised,  3 levels left

Res.Fire  : + . .   See Invis. : +   j - +2,+1 elf dagger
Res.Cold  : . . .   Warding    : .   i - +0 elf robe {rF+}
Life Prot.: + . .   Conserve   : .   (no shield)
Res.Poison: .       Res.Corr.  : .   (no helmet)
Res.Elec. : .       Clarity    : .   (no cloak)
Sust.Abil.: . .     Spirit.Shd : .   (no gloves)
Res.Mut.  : .       Stasis     : .   (no boots)
Res.Rott. : .       Flight     : .   (no amulet)
Saprovore : . . .                    (no ring)
                                     (no ring)

@: about to teleport, very slightly contaminated, slightly resistant to hostile
enchantments, quite stealthy
A: bottle blood, fangs 3, see invisible, unbreathing
a: Bat Form, Bottle Blood, Renounce Religion


You were on level 4 of the Dungeon.
You worshipped Kikubaaqudgha.
Kikubaaqudgha was noncommittal.
You were not thirsty.

You visited 2 branches of the dungeon, and saw 5 of its levels.

You collected 213 gold pieces.

Inventory:

Hand weapons
 j - a +2,+1 elven dagger (weapon)
Missiles
 d - 12 darts (quivered)
Armour
 i - a +0 elven robe of fire resistance (worn)
Magical devices
 a - a wand of digging (12)
Scrolls
 f - a scroll of remove curse
 k - a scroll of teleportation
Potions
 e - a potion of agility
 m - 2 potions of heal wounds {unknown}
Books
 c - a book of Maledictions

   Spells                             Type                      Level
   *Corona                            Hexes                        1
   Sure Blade                         Hexes/Charms                 2
   Ensorcelled Hibernation            Hexes/Ice                    2
   *Confuse                           Hexes                        3
   Enslavement                        Hexes                        4
   Invisibility                       Hexes                        6
 g - a book of Cantrips

   Spells                             Type                      Level
   Confusing Touch                    Hexes                        1
   Animate Skeleton                   Necromancy                   1
   Summon Small Mammal                Summoning                    1
   Apportation                        Translocation                1


   Skills:
 + Level 4.6 Short Blades
 - Level 0.7 Throwing
 - Level 2.1 Dodging
 + Level 4.7 Stealth
 - Level 1.0 Spellcasting
 * Level 7.1 Hexes


You had 3 spell levels left.
You knew the following spells:

 Your Spells              Type           Power        Failure   Level  Hunger
A - Corona                Hex            ####...      1%          1    ##.....
C - Confuse               Hex            ####....     3%          3    ####...


Dungeon Overview and Level Annotations

Branches:
Dungeon (4/16)             Temple (1/1) D:4

Altars:
Ashenzari
Cheibriados
Elyvilon
Fedhas
Kikubaaqudgha
Makhleb
Okawaru
Sif Muna
Trog
Vehumet
Xom
Yredelemnul
Zin
the Shining One

Annotations:
D:4 Duvessa


Innate Abilities, Weirdness & Mutations

You can bottle blood from corpses.
You have razor-sharp teeth.*
You have supernaturally acute eyesight.
You can survive without breathing.*


Message History

You miscast Confuse.
Strange energies run through your body.
Duvessa hits you with a glowing elven short sword!
You convulse!
Drink which item? (? for menu, Esc to quit)
You feel better. Duvessa closely misses you.
Drink which item? (? for menu, Esc to quit)
You feel better.
Duvessa hits you with an elven short sword of holy wrath!
You convulse!
Duvessa hits you with an elven short sword of holy wrath.
You convulse!
* * * LOW HITPOINT WARNING * * *
Read which item? (? for menu, Esc to quit)
As you read the scroll of teleportation, it crumbles to dust.
You feel strangely unstable.
Duvessa hits you with an elven short sword of holy wrath!
* * * LOW HITPOINT WARNING * * *
You convulse.
You die...
Kikubaaqudgha rasps: "You have failed me!
Welcome... oblivion!"

......########........#..........
......# #........#..........
......# #........###########
......########...................
.................................
........(........#########.####..
######...........# #.# #..
#...........# #.# #.[
#.#########@# #.# #.. #.# #e# #.#
#.. #.# #%# #.##+#.. #.# #.#
#..%.... ##
###.#########.#########....... ..
.........e....[).............. #.
..#####.#####+######.........#
+.#..........#.........#
#.#..........'......(..#


You could see Duvessa (berserk).

Vanquished Creatures
  Dowan (D:4)
  A centaur skeleton (D:4)
  A worker ant (D:4)
  4 gnolls (D:2)
  An inept feature mimic (D:2)
  8 adders
  3 worms
  2 giant geckos (D:2)
  7 orcs (D:3)
  3 bats
  A giant cockroach (D:1)
  6 hobgoblins
  11 kobolds
  An ooze (D:2)
  4 ball pythons
  5 giant newts
  8 goblins
  9 rats
  A plant (D:2)
77 creatures vanquished.

Notes
Turn   | Place    | Note
--------------------------------------------------------------
     0 | D:1      | PolkaDot, the Vampire Enchanter, began the quest for the Orb.
     0 | D:1      | Reached XP level 1. HP: 13/13 MP: 4/4
   117 | D:1      | Reached XP level 2. HP: 8/19 MP: 5/5
   731 | D:2      | Reached XP level 3. HP: 5/24 MP: 4/6
   748 | D:2      | Reached skill level 5 in Hexes
   838 | D:2      | Learned a level 3 spell: Confuse
   929 | D:2      | Reached XP level 4. HP: 28/30 MP: 8/8
  1420 | D:2      | Reached XP level 5. HP: 21/35 MP: 6/9
  1929 | D:3      | Reached skill level 6 in Hexes
  2785 | D:4      | Found a staircase to the Ecumenical Temple.
  2791 | Temple   | Entered the Ecumenical Temple
  3040 | Temple   | Became a worshipper of Kikubaaqudgha
  3220 | D:4      | Noticed Duvessa
  3220 | D:4      | Noticed Dowan
  3237 | D:4      | Killed Dowan
  3237 | D:4      | Reached skill level 7 in Hexes
  3237 | D:4      | Reached XP level 6. HP: 35/41 MP: 5/10
  3276 | D:4      | HP: 1/41 [Duvessa/elven short sword of holy wrath (8)]
  3276 | D:4      | Slain by Duvessa

Action                   |  1- 3 |  4- 6 || total
-------------------------+-------+-------++-------
Melee: Dagger            |   114 |   346 ||   460
 Cast: Corona            |     2 |     1 ||     3
       Confuse           |       |    24 ||    24
Evoke: Wand              |       |     1 ||     1
  Use: Potion            |     1 |     3 ||     4
       Scroll            |       |    10 ||    10
 Stab: Sleeping          |     5 |     6 ||    11
       Confused          |       |    16 ||    16
       Distracted        |       |     1 ||     1
